 Dungeon Sprint DCSS version 0.32-a0-42-ga30500b4d3 (webtiles) character file.

Game seed: 11561773497542935691

4890 rocky1 the Carver (level 10, -1/86 HPs)
             Began as a Demonspawn Fighter on Jan 29, 2024.
             Was an Initiate of Gozag.
             Slain by Agnes
             ... wielding a +1 lajatang of pain
              (5 damage)
             ... in the Dungeon (Sprint VII: "The Pits").
             The game lasted 00:06:13 (1831 turns).

rocky1 the Carver (Demonspawn Fighter)              Turns: 1831, Time: 00:06:15

Health: -1/86      AC: 20    Str: 16    XL:     10   Next: 26%
Magic:  10/10      EV: 11    Int:  8    God:    Gozag
Gold:   2363       SH:  7    Dex: 24    Spells: 9/9 levels left

rFire   . . .        w - +2 scimitar (flame)
rCold   . . .        c - +0 buckler
rNeg    . . .        v - +4 chain mail
rPois   .            (helmet restricted)
rElec   .            (no cloak)
rCorr   .            u - +0 pair of gloves
SInv    .            (no boots)
Will    +....        (no amulet) Stlth
                     r - +3 ring of dexterity
HPRegen 0.34/turn    s - +3 ring of dexterity
MPRegen 0.12/turn

%: no teleportation
@: enlightened, flying, hasted, very quick
A: horns 2, slimy green scales 2, ignite blood 1
a: Renounce Religion, Potion Petition, Call Merchant, Bribe Branch


You were in the Dungeon.
You worshipped Gozag.
Gozag was most pleased with you.
You visited 1 branch You collected 4509 gold pieces.
You paid 2146 gold pieces to Gozag.

Inventory:

Hand Weapons
 w - a +2 scimitar of flaming (weapon)
Missiles
 q - 5 poisoned darts (quivered)
Armour
 c - a +0 buckler (worn)
 u - a +0 pair of gloves (worn)
 v - a +4 chain mail (worn)
Jewellery
 r - a +3 ring of dexterity (left hand)
 s - a +3 ring of dexterity (right hand)
Scrolls
 j - a scroll of blinking
 l - 2 scrolls of vulnerability
 m - 5 scrolls of amnesia
 n - a scroll of summoning
Potions
 d - a potion of might
 e - 4 potions of curing
 f - 5 potions of heal wounds
 g - 4 potions of haste
 h - 4 potions of magic
 i - 3 potions of berserk rage
 k - 2 potions of invisibility
 t - a potion of resistance


   Skills:
 + Level 10.8 Fighting
 + Level 14.6 Long Blades
 + Level 11.4 Armour
 + Level 5.5 Dodging
 - Level 1.3 Stealth
 + Level 8.0 Shields


You had 9 spell levels left.
You didn't know any spells.
Your spell library was empty.

Dungeon Overview and Level Annotations

Branches:
Dungeon (1/1)

Altars:
Ashenzari
Cheibriados
Dithmenos
Fedhas
Gozag
Hepliaklqana
Kikubaaqudgha
Makhleb
Nemelex Xobeh
Okawaru
Qazlal
Ru
Sif Muna
Trog
Uskayaw
Vehumet
Wu Jian
Xom
Yredelemnul
Jiyva
Lugonu

Shops:
D (

Annotations:
D Agnes


Innate Abilities, Weirdness & Mutations

You have a pair of horns on your head.
You are mostly covered in slimy green scales. (AC +3)
Your demonic aura sometimes causes spilled blood to erupt in flames.


Message History

Unknown command.
You feel much better. You block the snapping turtle's attack.
Agnes hits you but does no damage.
You writhe in agony.
Unknown command.
You closely miss Agnes.
Agnes is severely wounded.
Agnes hits you with a +1 lajatang of pain!
* * * LOW HITPOINT WARNING * * *
Unknown command.
You closely miss Agnes. Your headbutt misses Agnes.
Agnes is severely wounded.
The snapping turtle bites you from afar!
* * * LOW HITPOINT WARNING * * *
Unknown command.
You feel much better. Agnes hits you but does no damage.
You writhe in agony.
* * * LOW HITPOINT WARNING * * *
You block Agnes's attack.
Unknown command.
Okay, then. [a] 671 gold - Pupezxam's Antique Weapon Shoppe [b] 420 gold - Uteggy's Antique Armour Shoppe [c] 414 gold - Hoxeonki's Assorted Antiques Fund which merchant? [a] 671 gold - Pupezxam's Antique Weapon Shoppe [b] 420 gold - Uteggy's Antique Armour Shoppe [c] 414 gold - Hoxeonki's Assorted Antiques Fund which merchant? [a] 671 gold - Pupezxam's Antique Weapon Shoppe [b] 420 gold - Uteggy's Antique Armour Shoppe [c] 414 gold - Hoxeonki's Assorted Antiques Fund which merchant?
You no longer have enough gold to bribe branches to halt enemies' attacks and recruit allies.
Pupezxam invites you to visit her Antique Weapon Shoppe.
The snapping turtle barely misses you.
Agnes hits you with a +1 lajatang of pain!!
* * * LOW HITPOINT WARNING * * *
You writhe in agony.
You die...
Agnes says, "May you follow the Path of Peace in your next life."
Your body crumbles into a pile of gold.

....+ ....# ....#
##### ########
#####
#.)))..###...##
#..#(#.........##
#..##.##.....#...#
#.##...##...###.@#
###.....##.## ##i#
##......#...# .t.#
.'......'...'.+...+
##......#...#.#...#
###.....##.##.##.##
#.##...##...###..#
#..##.##.....# ..#
#..#)#.......


You could see Agnes and a snapping turtle.

Vanquished Creatures
  An orc high priest (D)
  A cyclops (D)
  A molten gargoyle (D)
  An efreet (D)
  A komodo dragon (D)
  A troll (D)
  A red devil (D)
  2 polar bears (D)
  A tyrant leech (D)
  A wraith (D)
  A ynoxinul (D)
  A fire bat (D)
  A steam dragon (D)
  3 vampire mosquitoes (D)
  2 acid dragons (D)
  2 orc warriors (D)
  An ice beast (D)
  2 wolves (D)
  A weeping skull (D)
  2 kobold brigands (D)
  A bullfrog (D)
  A small abomination (D)
  2 gnoll boudas (D)
  2 orc priests (D)
  Jessica (D)
  Terence (D)
  7 gnolls (D)
  An adder (D)
  2 river rats (D)
  An adder skeleton (D)
  7 orcs (D)
  A bat zombie (D)
  An endoplasm (D)
  6 jackals (D)
  A kobold (D)
  A bat (D)
  2 frilled lizards (D)
  A quokka zombie (D)
66 creatures vanquished.

Notes
Turn   | Place    | Note
-------+----------+-------------------------------------------
     0 | D        | rocky1 the Demonspawn Fighter began the quest for the Orb.
     0 | D        | Reached XP level 1. HP: 18/18 MP: 1/1
    25 | D        | Reached skill level 2 in Long Blades
    30 | D        | Found a bloodstained altar of Trog.
    30 | D        | Found a shimmering blue altar of Sif Muna.
    30 | D        | Found a viscous altar of Jiyva.
    30 | D        | Found a hazy altar of Hepliaklqana.
    30 | D        | Found an opulent altar of Gozag.
    31 | D        | Found a basalt altar of Yredelemnul.
    31 | D        | Found a shimmering altar of Xom.
    31 | D        | Found an ornate altar of the Wu Jian Council.
    31 | D        | Found a sacrificial altar of Ru.
    31 | D        | Found a stormy altar of Qazlal.
    31 | D        | Found an iron altar of Okawaru.
    31 | D        | Found a sparkling altar of Nemelex Xobeh.
    31 | D        | Found a burning altar of Makhleb.
    31 | D        | Found a blossoming altar of Fedhas.
    31 | D        | Found a shadowy altar of Dithmenos.
    31 | D        | Found a snail-covered altar of Cheibriados.
    35 | D        | Found a corrupted altar of Lugonu.
    35 | D        | Found a radiant altar of Vehumet.
    36 | D        | Found a broken altar of Ashenzari.
    36 | D        | Found an ancient bone altar of Kikubaaqudgha.
    36 | D        | Found a hide-covered altar of Uskayaw.
    38 | D        | Became a worshipper of Gozag Ym Sagoz the Greedy
   104 | D        | Gained mutation: Your demonic aura sometimes causes spilled
                  | blood to erupt in flames. [demonic ancestry]
   104 | D        | Reached XP level 2. HP: 9/25 MP: 2/2
   106 | D        | HP: 1/25 [frozen (3)]
   342 | D        | Noticed Jessica
   351 | D        | Killed Jessica
   352 | D        | Reached skill level 3 in Long Blades
   352 | D        | Reached skill level 1 in Dodging
   352 | D        | Reached XP level 3. HP: 23/31 MP: 3/3
   488 | D        | Reached skill level 4 in Long Blades
   488 | D        | Gained mutation: You are partially covered in slimy green
                  | scales. (AC +2) [demonic ancestry]
   488 | D        | Reached XP level 4. HP: 28/38 MP: 4/4
   495 | D        | Reached skill level 5 in Armour
   498 | D        | Reached skill level 5 in Fighting
   501 | D        | Noticed a wolf
   503 | D        | Reached skill level 5 in Long Blades
   693 | D        | Killed a wolf
   694 | D        | Reached skill level 6 in Long Blades
   694 | D        | Gained mutation: You have a pair of small horns on your
                  | head. [demonic ancestry]
   694 | D        | Reached XP level 5. HP: 43/44 MP: 5/5
   710 | D        | Reached skill level 7 in Long Blades
   710 | D        | Reached XP level 6. HP: 52/52 MP: 6/6
   758 | D        | Noticed a molten gargoyle
   766 | D        | Killed a molten gargoyle
   767 | D        | Reached skill level 9 in Long Blades
   767 | D        | Reached skill level 5 in Shields
   767 | D        | Gained mutation: You have a pair of horns on your head.
                  | [demonic ancestry]
   767 | D        | Reached XP level 7. HP: 28/59 MP: 7/7
   893 | D        | Noticed a fire bat
   899 | D        | Killed a fire bat
   907 | D        | Reached skill level 10 in Long Blades
   952 | D        | Noticed a red devil
   969 | D        | Killed a red devil
   970 | D        | Reached XP level 8. HP: 65/68 MP: 8/8
  1279 | D        | Reached skill level 11 in Long Blades
  1282 | D        | Reached skill level 1 in Stealth
  1335 | D        | Noticed a polar bear
  1340 | D        | Killed a polar bear
  1385 | D        | Noticed a tyrant leech
  1385 | D        | Noticed a komodo dragon
  1393 | D        | Killed a komodo dragon
  1394 | D        | Reached skill level 12 in Long Blades
  1394 | D        | Reached skill level 10 in Armour
  1394 | D        | Reached XP level 9. HP: 27/75 MP: 9/9
  1408 | D        | Killed a tyrant leech
  1439 | D        | Noticed an efreet
  1439 | D        | Noticed Terence
  1450 | D        | Reached skill level 13 in Long Blades
  1453 | D        | Killed Terence
  1454 | D        | Reached skill level 5 in Dodging
  1470 | D        | Killed an efreet
  1636 | D        | Noticed an orc high priest
  1643 | D        | Noticed a troll
  1651 | D        | Noticed a cyclops
  1651 | D        | Killed a troll
  1656 | D        | Reached skill level 10 in Fighting
  1656 | D        | Noticed a polar bear
  1657 | D        | Killed a cyclops
  1660 | D        | Reached skill level 14 in Long Blades
  1663 | D        | Gained mutation: You are mostly covered in slimy green
                  | scales. (AC +3) [demonic ancestry]
  1663 | D        | Reached XP level 10. HP: 69/85 MP: 10/10
  1668 | D        | Killed an orc high priest
  1812 | D        | Noticed Agnes
  1831 | D        | HP: 4/86 [Agnes/+1 lajatang of pain (20)]
  1831 | D        | Slain by Agnes

Illustrated notes

Levels and vault maps discovered:
D:        pitsprint [storerooms_1, entrance_room_1, metal_vault_3, armoury_2,
          mini_pit_1, grid_room_1, main_hall_1, silver_pit, the_coven_2,
          the_vestibule_1, steel_vault_1, golden_pit, hallway_of_sentries,
          crystal_vault_2, iron_vault_2, final_vault]

Skill      XL: |  1  2  3  4  5  6  7  8  9 10 |
---------------+-------------------------------+-----
Armour         | 3 4 6 7 8 10 11 | 11.4
Long Blades    | 2 3 4 6 7 9 10 12 14 | 14.6
Shields        | 3 4 5 6 7 8 |  8.0
Fighting       | 4 5 6 7 8 10 | 10.8
Dodging        | 1 2 3 4 5 |  5.5
Stealth        | 1 |  1.3

Action                     |  1- 3 |  4- 6 |  7- 9 | 10-12 || total
---------------------------+-------+-------+-------+-------++-------
  Melee: Long sword        |    81 |    34 |    28 |       ||   143
         Headbutt          |       |     1 |    35 |     3 ||    39
         Scimitar          |       |       |   110 |    27 ||   137
 Invoke: Potion Petition   |       |       |     3 |     1 ||     4
         Call Merchant     |       |       |       |     1 ||     1
    Use: Potion            |     3 |     2 |     2 |     3 ||    10
   Stab: Distracted        |       |       |     2 |     2 ||     4
 Armour: Scale mail        |    61 |       |       |       ||    61
         Chain mail        |     6 |    30 |    80 |    19 ||   135
  Dodge: Dodged            |    40 |    12 |    41 |    13 ||   106
  Block: Buckler           |    21 |     9 |    37 |    11 ||    78

Table legend: (Time is in decaauts)
 A = Elapsed time spent in this place.
 B = Non-inter-level travel time spent in this place.
 C = Inter-level travel time spent in this place.
 D = Time resting spent in this place.
 E = Time spent auto-exploring this place.
 F = Levels seen in this place.
 G = Mean time per level.
                   A        B        C        D        E       F      G
               +--------+--------+--------+--------+--------+-----+--------+
         Total |   1841 |   1787 |     54 |   1054 |      0 |   1 | 1841.0 |
       Dungeon |   1841 |   1787 |     54 |   1054 |      0 |   1 | 1841.0 |
               +--------+--------+--------+--------+--------+-----+--------+

Top non-repeatable levels by time:
       D: 1841 daAuts
